 Dungeon Crawl Stone Soup version 0.23.0 (webtiles) character file.

Game seed: 7752091076078413664

32 tidbits the Insei (level 3, 23/28 HPs)
             Began as a Gnoll Transmuter on Feb 14, 2019.
             Quit the game on level 2 of the Dungeon.
             The game lasted 00:02:09 (199 turns).

tidbits the Insei (Gnoll Transmuter)                 Turns: 199, Time: 00:02:11

Health: 23/28      AC:  2    Str: 12    XL:     3   Next: 27%
Magic:  9/9        EV: 14    Int: 16    God:
Gold:   31         SH:  0    Dex: 15    Spells: 6/12 levels left

rFire    . . .     SeeInvis .     - Unarmed
rCold    . . .     Gourm    .   (no shield)
rNeg     . . .     Faith    .   b - +0 robe
rPois    .         Spirit   .   (no helmet)
rElec    .         Reflect  .   (no cloak)
rCorr    .         Harm     .   (no gloves)
MR       .....                  (no boots)
Stlth    ++........             (no amulet)
HPRegen  0.09/turn              (no ring)
MPRegen  0.11/turn              (no ring)

@: no status effects
A: distributed training, fangs 1, strong nose
a: no special abilities


You were on level 2 of the Dungeon.
You were not hungry.

You visited 1 branch of the dungeon, and saw 2 of its levels.

You collected 31 gold pieces.

Inventory:

Missiles
 a - 11 arrows
Armour
 b - a +0 robe (worn)
Scrolls
 c - a scroll of amnesia {unknown}
 e - 3 scrolls of teleportation {unknown}
 g - a scroll of fog {unknown}
 h - a scroll of identify {unknown}
Potions
 f - a potion of curing {unknown}
Comestibles
 d - 2 rations


   Skills:
 + Level 2.5 Fighting
 + Level 0.6 Short Blades
 + Level 0.6 Long Blades
 + Level 0.6 Axes
 + Level 0.6 Maces & Flails
 + Level 0.6 Polearms
 + Level 0.6 Staves
 + Level 0.6 Slings
 + Level 0.6 Bows
 + Level 0.6 Crossbows
 + Level 0.6 Throwing
 + Level 0.6 Armour
 + Level 4.5 Dodging
 + Level 0.6 Stealth
 + Level 0.6 Shields
 + Level 6.5 Unarmed Combat
 + Level 5.0 Spellcasting
 + Level 0.4 Conjurations
 + Level 0.4 Hexes
 + Level 0.4 Charms
 + Level 0.4 Summonings
 + Level 0.4 Necromancy
 + Level 0.4 Translocations
 + Level 3.7 Transmutations
 + Level 0.4 Fire Magic
 + Level 0.4 Ice Magic
 + Level 0.4 Air Magic
 + Level 0.4 Earth Magic
 + Level 0.4 Poison Magic
 + Level 0.8 Invocations
 + Level 0.6 Evocations


You had 6 spell levels left.
You knew the following spells:

 Your Spells              Type           Power        Failure   Level  Hunger
e - Beastly Appendage     Tmut           ###...       3%          1    None
k - Sticks to Snakes      Tmut           ###.....     4%          2    #......
p - Spider Form           Tmut/Pois      ##........   19%         3    ###....

Your spell library contained the following spells:

 Spells                   Type           Power        Failure   Level  Hunger
 Ice Form                 Ice/Tmut       ##......     54%         4    ####...
 Blade Hands              Tmut           ###.......   65%         5    ######.


Dungeon Overview and Level Annotations

Branches:
Dungeon (2/15)

Altars:


Innate Abilities, Weirdness & Mutations

Your experience applies equally to all skills.
You have very sharp teeth.
Your uncanny sense of smell can sniff out nearby items.


Message History

Natasha, Servant of Life and Death comes into view.
Found three items.
There is a stone staircase leading up here.
Casting: Beastly Appendage (safe; 3% risk of failure)
Confirm with . or Enter, or press ? or * to list all spells.
You create a snake!
You now have 11 arrows.
Natasha hisses angrily.
Unknown command.
You barely miss Natasha. Natasha completely misses you.
Your ball python bites Natasha but does no damage.
Your ball python closely misses Natasha.
You closely miss Natasha.
Your talons disappear.
Your ball python misses Natasha. x2; Natasha barely misses you.
Casting: Sticks to Snakes (safe; 5% risk of failure)
Confirm with . or Enter, or press ? or * to list all spells.
You grow a pair of large bovine horns.
Your ball python barely misses Natasha.
Your ball python grabs Natasha.
Your ball python constricts Natasha.
Natasha closely misses you.
You hit Natasha.
Natasha is moderately wounded.
Your ball python bites Natasha but does no damage.
Your ball python constricts Natasha.
You hit Natasha.
Natasha is severely wounded.
Natasha claws you.
Your ball python bites Natasha.
Your ball python constricts Natasha.
You hit Natasha.
Natasha is almost dead.
Natasha barely misses you.
Your ball python bites Natasha but does no damage.
Your ball python constricts Natasha.
You hit Natasha but do no damage. You bite Natasha, but do no damage.
Natasha is almost dead.
Natasha casts a spell at you. You resist with significant effort.
Your ball python bites Natasha but does no damage.
Your ball python constricts Natasha.
You barely miss Natasha. You headbutt Natasha, but do no damage.
Natasha is almost dead.
Natasha claws you!
* * * LOW HITPOINT WARNING * * *
Your ball python barely misses Natasha.
Your ball python constricts Natasha.
You hit Natasha.
You kill Natasha!
Natasha screams in fury as she dies!
Your Spellcasting skill increases to level 5!
You have reached level 3!
Your experience leads to an increase in your attributes!
Increase (S)trength, (I)ntelligence, or (D)exterity?
You feel clever.
Memorise Spider Form, consuming 3 spell levels and leaving 6?
You start memorising the spell.
You continue memorising. x3
You finish memorising.
Spell assigned to 'p'.
You swap places.
Found 18 poisoned needles.
You see here a scroll labeled ISUANU BUNUYXA.
e - 2 scrolls labeled ISUANU BUNUYXA (gained 1)
A giant cockroach comes into view.
Unknown command.
You see here a viscous cyan potion.
f - a viscous cyan potion You hit the giant cockroach.
You kill the giant cockroach!
Your transformation is almost over.
Found a scroll labeled ISUANU BUNUYXA.
Unknown command.
Unknown command.
You see here 5 gold pieces.
Unknown command.
You now have 31 gold pieces (gained 5).
Your horns disappear.
Your ball python withers and dies!
You see here a scroll labeled ISUANU BUNUYXA.
Unknown command.
e - 3 scrolls labeled ISUANU BUNUYXA (gained 1)
You open the door.
Unknown command.
There is an open door here.
You open the door.
Unknown command.
There is an open door here.
Found a whip.
Unknown command.
You see here a whip.
Found a leather armour.
Unknown command.
Unknown command.
Found a scroll labeled KIROAR KEECWE.
Unknown command.
You see here a scroll labeled KIROAR KEECWE.
g - a scroll labeled KIROAR KEECWE
Found an escape hatch in the ceiling.
Unknown command.
Found a scroll labeled PEPSAD IFATICH.
Unknown command.
You see here a scroll labeled PEPSAD IFATICH.
You open the door.
h - a scroll labeled PEPSAD IFATICH Are you sure you want to abandon this character and quit the game? (Confirm with "yes".)

#.# #.# #.#
#.# #.# #.#
#####.#####.#
#...........#
#.###.#######
#. #.#
#.###.#
#.@...#
#####.# #.#
###


There were no monsters in sight!

Vanquished Creatures
  Natasha (D:2)
  A leopard gecko (D:1)
  A giant cockroach (D:2)
  A goblin (D:1)
  A hobgoblin (D:1)
  A bat (D:1)
  A frilled lizard (D:1)
  3 kobolds (D:1)
  A rat (D:1)
11 creatures vanquished.

Notes
Turn   | Place    | Note
-------+----------+-------------------------------------------
     0 | D:1      | tidbits the Gnoll Transmuter began the quest for the Orb.
     0 | D:1      | Reached XP level 1. HP: 17/17 MP: 6/6
    54 | D:1      | Reached XP level 2. HP: 23/23 MP: 5/7
    58 | D:1      | Learned a level 2 spell: Sticks to Snakes
    82 | D:2      | Noticed Natasha
    92 | D:2      | Killed Natasha
    92 | D:2      | Reached skill level 5 in Spellcasting
    92 | D:2      | Reached XP level 3. HP: 13/28 MP: 4/9
    97 | D:2      | Learned a level 3 spell: Spider Form
   199 | D:2      | Quit the game

Skill      XL: |  1  2 |
---------------+-------+-----
Spellcasting   | 5 |  5.0
Fighting       | |  2.5
Short Blades   | |  0.6
Long Blades    | |  0.6
Axes           | |  0.6
Maces & Flails | |  0.6
Polearms       | |  0.6
Staves         | |  0.6
Slings         | |  0.6
Bows           | |  0.6
Crossbows      | |  0.6
Throwing       | |  0.6
Armour         | |  0.6
Dodging        | |  4.5
Stealth        | |  0.6
Shields        | |  0.6
Unarmed Combat | |  6.5
Conjurations   | |  0.4
Hexes          | |  0.4
Charms         | |  0.4
Summonings     | |  0.4
Necromancy     | |  0.4
Translocations | |  0.4
Transmutations | |  3.7
Fire Magic     | |  0.4
Ice Magic      | |  0.4
Air Magic      | |  0.4
Earth Magic    | |  0.4
Poison Magic   | |  0.4
Invocations    | |  0.8
Evocations     | |  0.6

Action                   || total
-------------------------++-------
Melee: Unarmed           ||    28
       Bite              ||     3
       Headbutt          ||     2
       Kick              ||     1
 Cast: Beastly Appendage ||     5
       Sticks to Snakes  ||     1
Armor: Robe              ||     1
Dodge: Dodged            ||    21

Table legend:
 A = Turns spent in this place as a percentage of turns spent in the entire game.
 B = Non-inter-level travel turns spent in this place as a percentage of non-inter-level travel turns spent in the entire game.
 C = Inter-level travel turns spent in this place as a percentage of turns spent in this place.
 D = Turns resting spent in this place as a percentage of non-inter-level travel turns spent in this place.
 E = Turns spent auto-exploring this place as a percentage of non-inter-level travel turns spent in this place.
 F = Non-inter-level travel turns spent in this place divided by the number of levels of this place that you've seen.
                   A       B       C       D       E      F
               +-------+-------+-------+-------+-------+----------------------
         Total | 100.0 | 100.0 |   4.5 |   0.0 |   0.0 |  95.0
       Dungeon | 100.0 | 100.0 |   4.5 |   0.0 |   0.0 |  95.0
               +-------+-------+-------+-------+-------+----------------------

Table legend:
 A = Kills in this place as a percentage of kills in entire the game.
 B = Kills by you in this place as a percentage of kills by you in the entire game.
 C = Kills by friends in this place as a percentage of kills by friends in the entire game.
 D = Other kills in this place as a percentage of other kills in the entire game.
 E = Experience gained in this place as a percentage of experience gained in the entire game.
 F = Experience gained in this place divided by the number of levels of this place that you have seen.
                   A       B       C       D       E      F
               +-------+-------+-------+-------+-------+----------------------
         Total | 100.0 | 100.0 |   N/A |   N/A | 100.0 |  23.5
       Dungeon | 100.0 | 100.0 |   N/A |   N/A | 100.0 |  23.5
               +-------+-------+-------+-------+-------+----------------------

Levels and vault maps discovered:
D:1:      roderic_crossed_star, layout_loops_ring
D:2:      layout_basic, lemuel_round_altar, old_standard_altar,
          minmay_pentomino_z2, uniq_crazy_yiuf_cottage, uniq_natasha, uniq_robin
